 Dungeon Crawl Stone Soup version 0.29-a0-284-gf9362112df (webtiles) character file.

Game seed: 17926984040259518615

752 Gorgormcgor the Chopper (level 7, -6/52 HPs)
             Began as a Demonspawn Gladiator on Mar 24, 2022.
             Mangled by an orc warrior
             ... wielding a +0 glaive
              (9 damage)
             ... on level 4 of the Dungeon.
             The game lasted 00:15:05 (5384 turns).

Gorgormcgor the Chopper (Demonspawn Gladiator)      Turns: 5384, Time: 00:15:06

Health: -6/52      AC:  7    Str: 15    XL:     7   Next: 49%
Magic:  7/7        EV: 16    Int:  9    God:
Gold:   280        SH:  5    Dex: 16    Spells: 6/6 levels left

rFire   . . .      SeeInvis .   a - +0 war axe
rCold   . . .      Faith    .   (no shield)
rNeg    . . .      Spirit   .   b - +0 leather armour
rPois   .          Reflect  +   c - +1 helmet
rElec   .          Harm     .   (no cloak)
rCorr   .          Rampage  .   r - +0 pair of gloves
Will    .....                   f - +0 pair of boots
Stlth   +.........              q - amulet of reflection
HPRegen 0.17/turn               (no ring)
MPRegen 0.10/turn               (no ring)

@: attractive
A: repulsion field 2, spiny 1
a: no special abilities


You were on level 4 of the Dungeon.
You visited 1 branch of the dungeon, and saw 5 of its levels.

You collected 280 gold pieces.

Inventory:

Hand Weapons
 a - a +0 war axe (weapon)
Armour
 b - a +0 leather armour (worn)
 c - a +1 helmet (worn)
 f - a +0 pair of boots (worn)
 r - a +0 pair of gloves (worn)
Jewellery
 k - a ring of fire
 q - an amulet of reflection (around neck)
Wands
 t - a wand of paralysis (5)
 u - a wand of flame (14)
Scrolls
 g - a scroll of fear {unknown}
 h - a scroll of enchant weapon {unknown}
 l - 3 scrolls of amnesia
 p - a scroll of holy word {unknown}
 s - a scroll of noise {unknown}
Potions
 e - a potion of flight {unknown}
 i - 2 potions of cancellation
 j - a potion of might {unknown}
 m - a potion of attraction
 n - 2 potions of haste {unknown}
 o - a potion of degeneration {unknown}


   Skills:
 + Level 3.2 Fighting
 * Level 7.0 Axes
 - Level 1.7 Throwing
 + Level 2.0 Armour
 + Level 3.5 Dodging


You had 6 spell levels left.
You didn't know any spells.
Your spell library contained the following spells:

 Spells                   Type           Power      Damage    Failure   Level
 Slow                     Hex            0%         N/A       45%         1
 Ensorcelled Hibernation  Hex/Ice        0%         N/A       58%         2
 Passwall                 Tmut/Erth      0%         N/A       58%         2
 Confusing Touch          Hex            0%         N/A       83%         3
 Swiftness                Air            0%         N/A       83%         3
 Vampiric Draining        Necr           0%         2d6       83%         3


Dungeon Overview and Level Annotations

Branches:
Dungeon (5/15)             Temple (0/1) D:4

Altars:
Nemelex Xobeh

Annotations:
D:5 Dowan, Duvessa, Edmund


Innate Abilities, Weirdness & Mutations

You are surrounded by a moderate repulsion field. (EV +3)
You are partially covered in sharp spines.


Message History

The orc warrior is moderately wounded.
The orc warrior hits you with a +0 glaive!
The orc warrior attacks as you move away!
The orc warrior hits you with a +0 glaive!
* * * LOW HITPOINT WARNING * * *
The orc warrior closely misses you.
You see here 30 stones.
There is an open door here.
Throw: throwing net
Press: ? - help, Q - select action, (/) - cycle Shift-Dir - straight line, f - orc warrior
Aim: an orc warrior, wielding a +0 glaive and wearing a +0 plate armour (moderately wounded, 60% to hit)
You throw a throwing net. The throwing net hits the orc warrior.
The orc warrior is caught in the net!
The orc warrior is moderately wounded.
The orc warrior struggles against the net.
The orc warrior struggles against the net.
The orc warrior struggles against the net.
The orc warrior struggles against the net.
The orc warrior struggles against the net.
The orc warrior struggles against the net.
The orc warrior struggles against the net.
The net rips apart, and the orc warrior comes free!
There is an open door here.
You close the door.
An orc warrior opens the door.
There is an open door here.
You close the door.
An orc warrior breaks down the door.
There is an open door here.
You close the door.
There is an open door here.
You close the door.
An orc warrior opens the door.
It is wielding a +0 glaive.
The ogre attacks as you move away! The ogre hits you with a +0 giant club!
The orc warrior hits you from afar with a +0 glaive!
* * * LOW HITPOINT WARNING * * *
It was a potion of attraction.
You feel attractive to monsters.
The orc warrior hits you from afar with a +0 glaive!
You die...

####.# #.###.# ##.#..###.#.
####.# #.# #.# #.........#.
..##.###.# #.# #.#######...
...#.....###.# #.##...##(.#
...#.#.#.#.#.## #.#.....#..#
..#.#.#.#.#.#.# #.#.....#..#
...#.#.#.#.#.## #.#.....#..#
..#.#.#.#.#.#.########.##...##..#
..o#.#.#.#.#.#o.@O.....###.###..#
..#.#.#.#.#.#.#######...........#
#..#.#.#.#.#.#.# #^..###..##.#
###.#.#.#.#.#..# ##### ##.<#.#
#.#.#.#.#.#.#.# #....#
##.#.#.#.#.#..# ### #.....
#.#.#.#.#.#.#.######.# #.###.
##(#.#.#.#.#.........# #.# #.
######.#.......######.# #.# #.


You could see an orc warrior and an ogre.

Vanquished Creatures
  2 phantoms
  2 kobold brigands (D:4)
  A necrophage (D:3)
  3 scorpions
  2 hounds
  2 iguanas
  3 adders
  A white imp (D:5)
  A worm (D:2)
  A dart slug (D:3)
  2 orcs
  9 endoplasms
  4 giant cockroaches
  9 hobgoblins
  6 jackals
  7 kobolds
  3 quokkas (D:2)
  4 ball pythons
  4 bats
  6 frilled lizards
  11 goblins
  4 rats
87 creatures vanquished.

Notes
Turn   | Place    | Note
-------+----------+-------------------------------------------
     0 | D:1      | Gorgormcgor the Demonspawn Gladiator began the quest for
                  | the Orb.
     0 | D:1      | Reached XP level 1. HP: 16/16 MP: 1/1
     6 | D:1      | Noticed a lindwurm
     6 | D:1      | Noticed a snapping turtle
     6 | D:1      | Noticed a swamp drake
    13 | D:1      | Noticed a polar bear
    13 | D:1      | Noticed a water moccasin
   124 | D:1      | Reached skill level 3 in Axes
   188 | D:1      | Gained mutation: You are partially covered in sharp spines.
                  | [demonic ancestry]
   188 | D:1      | Reached XP level 2. HP: 22/22 MP: 2/2
   241 | D:1      | Found a faded altar of an unknown god.
   466 | D:1      | You fall into a shaft and drop 1 floor!
   525 | D:2      | Reached XP level 3. HP: 27/27 MP: 3/3
   606 | D:2      | Reached skill level 4 in Axes
  1588 | D:3      | Noticed a phantom
  1599 | D:3      | Killed a phantom
  1600 | D:3      | Reached skill level 5 in Axes
  1600 | D:3      | Reached XP level 4. HP: 17/33 MP: 4/4
  1600 | D:3      | Gained mutation: You are surrounded by a mild repulsion
                  | field. (EV +2) [demonic ancestry]
  1600 | D:3      | Reached XP level 5. HP: 20/38 MP: 5/5
  2196 | D:3      | Found a sparkling altar of Nemelex Xobeh.
  2704 | D:3      | Reached skill level 6 in Axes
  3127 | D:4      | Noticed an ogre
  3232 | D:4      | Noticed an orc warrior
  3535 | D:4      | Gained mutation: You are surrounded by a moderate repulsion
                  | field. (EV +3) [demonic ancestry]
  3535 | D:4      | Reached XP level 6. HP: 42/44 MP: 6/6
  3995 | D:4      | Reached skill level 1 in Armour
  4188 | D:5      | Entered Level 5 of the Dungeon
  4369 | D:5      | Reached XP level 7. HP: 47/51 MP: 7/7
  4932 | D:5      | Noticed Duvessa
  4933 | D:5      | Noticed Dowan
  4938 | D:5      | Noticed Edmund
  5069 | D:4      | Reached skill level 7 in Axes
  5151 | D:4      | Found a staircase to the Ecumenical Temple.
  5384 | D:4      | Mangled by an orc warrior

Illustrated notes

Levels and vault maps discovered:
D:1:      onia_arrival_zoo_common, layout_basic,
          shapermc_ecumenical_altar_mp_urbaneastern
D:2:      minmay_door_path, layout_rooms
D:3:      layout_basic, nemelex_dance_club_becter,
          minmay_randomly_rotated_circles
D:4:      layout_basic, minmay_temple_entry_poolview, minmay_misc_feat_enclosed,
          grunt_ministairs_14, nicolae_zen_rock_garden, minivault_23
D:5:      layout_loops_ring, uniq_eustachio, uniq_edmund, uniq_duvessa

Skill      XL: |  1  2  3  4  5  6  7 |
---------------+----------------------+-----
Axes           | 3 5 6 7 |  7.0
Armour         | 1 2 |  2.0
Dodging        | 3 |  3.5
Fighting       | 3 |  3.2
Throwing       | |  1.7

Action                   |  1- 3 |  4- 6 |  7- 9 || total
-------------------------+-------+-------+-------++-------
Melee: War axe           |    86 |   101 |    48 ||   235
       Punch             |       |     1 |     2 ||     3
Throw: Throwing net      |     1 |     3 |     1 ||     5
       Javelin           |       |     2 |       ||     2
  Use: Scroll            |     6 |     1 |     1 ||     8
       Potion            |       |       |     1 ||     1
 Stab: Sleeping          |     3 |     1 |       ||     4
Armor: Leather armour    |    28 |    22 |     7 ||    57
Dodge: Dodged            |    46 |    60 |    26 ||   132
Block: Other             |       |    12 |    10 ||    22

Table legend: (Time is in decaauts)
 A = Elapsed time spent in this place.
 B = Non-inter-level travel time spent in this place.
 C = Inter-level travel time spent in this place.
 D = Time resting spent in this place.
 E = Time spent auto-exploring this place.
 F = Levels seen in this place.
 G = Mean time per level.
                   A        B        C        D        E       F      G
               +--------+--------+--------+--------+--------+-----+--------+
         Total |   5443 |   5179 |    264 |   1276 |   2764 |   5 | 1088.6 |
       Dungeon |   5443 |   5179 |    264 |   1276 |   2764 |   5 | 1088.6 |
               +--------+--------+--------+--------+--------+-----+--------+

Top non-repeatable levels by time:
     D:3: 1691 daAuts
     D:4: 1068 daAuts
     D:2: 916 daAuts
     D:1: 911 daAuts
     D:5: 856 daAuts
